 Dungeon Crawl Stone Soup version 0.28.0-47-ge53b351184 (webtiles) character file.

Game seed: 3669395171859199087

5167 101zpm the Thaumaturge (level 10, -17/54 HPs)
             Began as a Djinni Fire Elementalist on May 6, 2022.
             Was a Follower of Hepliaklqana.
             Demolished by HatHat's ghost (23 damage)
             ... on level 7 of the Dungeon.
             The game lasted 00:27:25 (10100 turns).

101zpm the Thaumaturge (Djinni Fire Elementalist)  Turns: 10100, Time: 00:27:26

Health: -17/54     AC:  7    Str:  4    XL:     10   Next: 90%
Gold:   548        EV: 13    Int: 22    God:    Hepliaklqana [*.....] SH:  0 Dex: 29

rFire   + + .      SeeInvis .   q - +1 mace of Punishment {vorpal, rCorr Str-3 Dex+7 Stlth+}
rCold   x . .      Faith    .   (no shield)
rNeg    . . .      Spirit   .   x - +2 leather armour of the Merchant {*Slow rCorr Dex+9}
rPois   ∞          Reflect  .   (no helmet)
rElec   .          Harm     .   s - +0 cloak
rCorr   +          Rampage  .   l - +0 pair of gloves
Will    +....                   (boots unavailable)
Stlth   ++++......              n - amulet of regeneration
HPRegen 0.98/turn               (no ring)
MPRegen 0.00/turn               (no ring)

@: wereblooded, flying
A: reduced essence, sickness immunity, fire resistance 2, cold vulnerability 1,
float, innate caster, HP casting, extra vitality 1
a: Renounce Religion, Recall Ancestor, Ancestor Identity


You were on level 7 of the Dungeon.
You worshipped Hepliaklqana.
Hepliaklqana was aware of your devotion.
You visited 2 branches of the dungeon, and saw 9 of its levels.

You collected 548 gold pieces.

Inventory:

Hand Weapons
 e - a +3 hand axe
 q - the +1 mace of Punishment (weapon) {vorpal, rCorr Str-3 Dex+7 Stlth+}
   (You found it on level 3 of the Dungeon)

   It inflicts extra damage upon your enemies.
   Str:       It affects your strength (-3).
   Dex:       It affects your dexterity (+7).
   rCorr:     It protects you from acid and corrosion.
   Stlth:     It makes you more stealthy.
 r - a +3 quarterstaff of chaos
 F - a +1 rapier of electrocution
 I - the +11 whip "Tymutieq" {flame, rPois rC+}
   (You found it on level 4 of the Dungeon)

   It burns those it strikes, dealing additional fire damage.
   rC:        It protects you from cold.
   rPois:     It protects you from poison.
Missiles
 t - 331 stones
 u - 17 poisoned darts
 v - 2 curare-tipped darts
 E - 3 throwing nets
Armour
 h - the +7 plate armour of Servitude {rF++ rC+ Dex+4}
   (You found it on level 2 of the Dungeon)

   Dex:       It affects your dexterity (+4).
   rF:        It greatly protects you from fire.
   rC:        It protects you from cold.
 l - a +0 pair of gloves (worn)
 s - a +0 cloak (worn)
 x - the +2 leather armour of the Merchant (worn) {*Slow rCorr Dex+9}
   (You found it on level 4 of the Dungeon)

   Dex:       It affects your dexterity (+9).
   rCorr:     It protects you from acid and corrosion.
   *Slow:     It may slow you when you take damage.
Magical Staves
 w - a staff of fire
Jewellery
 n - an amulet of regeneration (around neck)
Wands
 j - a wand of iceblast (11)
 y - a wand of paralysis (2)
 z - a wand of digging (5)
 B - a wand of mindburst (8)
Scrolls
 a - a scroll of immolation {unknown}
 b - 2 scrolls of identify
 c - 2 scrolls of fog
 d - 3 scrolls of enchant armour
 f - 2 scrolls of fear
 m - 3 scrolls of torment
 o - a scroll of silence {unknown}
 A - 2 scrolls of magic mapping {unknown}
 C - a scroll of amnesia {unknown}
 G - a scroll of holy word {unknown}
 H - a scroll of teleportation {unknown}
 J - a scroll of vulnerability {unknown}
Potions
 g - 5 potions of curing
 i - 2 potions of flight
 k - 2 potions of berserk rage
 p - 2 potions of degeneration
 D - a potion of resistance {unknown}


   Skills:
 + Level 0.4 Fighting
 + Level 2.8 Armour
 + Level 3.1 Dodging
 + Level 3.1 Stealth
 + Level 11.5 Spellcasting


You had 9 spell levels left.
You knew the following spells:

 Your Spells              Type           Power      Damage    Failure   Level
a - Foxfire               Conj/Fire      100%       2x1d9     1%          1
b - Scorch                Fire           100%       2d10      1%          2
c - Conjure Flame         Conj/Fire      59%        6-21      1%          3
d - Inner Flame           Hex/Fire       59%        N/A       1%          3
e - Flame Wave            Conj/Fire      59%        2d11      1%          4
f - Sandblast             Erth           100%       2d20      1%          1
g - Wereblood             Tmut           59%        N/A       1%          2
h - Tukima's Dance        Hex            59%        N/A       1%          3
i - Airstrike             Air            29%        N/A       1%          4
Your spell library was empty.

Dungeon Overview and Level Annotations

Branches:
Dungeon (8/15)             Temple (1/1) D:4
   Lair: D:8-11

Altars:
Ashenzari
Cheibriados
Elyvilon
Fedhas
Gozag
Hepliaklqana
Kikubaaqudgha
Makhleb
Nemelex Xobeh
Okawaru
Qazlal
Sif Muna
Trog
Uskayaw
Vehumet
Wu Jian
Xom
Yredelemnul
Zin
The Shining One

Shops:
D:4 =   D:8 [

Portals:
Abyss: D:4

Annotations:
D:4 2 transporters, Sobaton's ghost, amateur MiFi
D:7 HatHat's ghost, novice MiBe
D:8 3 runed translucent doors, Zippel's ghost, novice FoVM


Innate Abilities, Weirdness & Mutations

Your life essence is reduced to manifest your ancestor. (-10% HP)
You are immune to sickness and miasma.
You are immune to poison.
Your flesh is very heat resistant. (rF++)
You are vulnerable to cold. (rC-)
You float through the air rather than walking.
You learn spells naturally, not from books.
Your magical power is your life essence.
You have superior vitality. (+4 MHP)


Message History

There is a stone staircase leading up here.
You fly upwards.
Level annotation: 1 runed translucent door, HatHat's ghost, novice MiBe
There is a stone staircase leading down here.
You see here a +0 pair of gloves.
Casting: Foxfire (safe; 1% risk of failure)
Press: ? - help, Q - select action, (/) - cycle Dir - look around, f - activate You conjure some foxfire!
Casting: Foxfire (safe; 1% risk of failure)
Confirm with . or Enter, or press ? or * to list all spells.
Your blood is infused with primal strength.
Casting: Wereblood (safe; 1% risk of failure)
Confirm with . or Enter, or press ? or * to list all spells.
The fire begins to smoulder!
Your foxfire dissipates!
You reach down and open the door.
You smother the flame.
Oma misses HatHat's ghost.
Casting: Conjure Flame (safe; 1% risk of failure)
Confirm with . or Enter, or press ? or * to list all spells.
Flames lash HatHat's ghost.
HatHat's ghost is lightly damaged.
HatHat's ghost's fire resistance burns away.
Oma hits HatHat's ghost.
Casting: Scorch (safe; 1% risk of failure)
Confirm with . or Enter, or press ? or * to list all spells.
Flames lash HatHat's ghost.
HatHat's ghost is burned terribly!
HatHat's ghost is moderately damaged.
HatHat's ghost hits you!
Oma closely misses HatHat's ghost.
Casting: Scorch (safe; 1% risk of failure)
Confirm with . or Enter, or press ? or * to list all spells.
Flames lash HatHat's ghost.
HatHat's ghost is burned terribly!
HatHat's ghost is heavily damaged.
HatHat's ghost hits you!!
Ouch! That really hurt!
* * * LOW HITPOINT WARNING * * *
Oma hits HatHat's ghost but does no damage.
Okay, then.
Okay, then.
HatHat's ghost hits you!!
You die...

#.##.######[###### #...........
#.#..............#####........#
#.#.........######.!.#.....#...
#.#........## #.≈.#.####....
#.#........## #.≈.#.###..##.
#.#.........######.≈.#.#....##.
#................#.≈.#.#.#.####
##..........###...##'##.#...#
#.
#..............@W[R...#.#..##
#. #...........###.#.....#.#..#
#. #...........# #.#.##.#[....#
#. ##.........## #.#.##.#..#.##
#. #....#...#####.#.##....#.#
#. #.#######..............#.#
##. #.# #.....##.####....# ##..
#.# #.....##.# #.######... #.#
#.....##.## #.#####...#


You could see the friendly Oma the ancestor and HatHat's ghost (combustible,
ally target).

Vanquished Creatures
  A tengu warrior (D:8)
  A cyclops (D:6)
  A troll (D:8)
  Prince Ribbit (D:5)
  2 yaks
  A dancing weapon (D:5)
  An acid dragon (D:7)
  A water moccasin (D:8)
  A sky beast (D:6)
  2 hornet zombies
  An ice beast (D:5)
  3 black bears
  A necrophage (D:6)
  An ogre (D:5)
  2 centaurs (D:8)
  3 phantoms
  A kobold brigand (D:7)
  Blork the orc (D:5)
  6 scorpions
  5 bullfrogs
  2 gnoll sergeants (D:6)
  A water moccasin zombie (D:6)
  5 wights (D:8)
  A jelly (D:7)
  3 centaur zombies
  7 hounds
  A bullfrog skeleton (D:6)
  A centaur skeleton (D:7)
  Crazy Yiuf (D:3)
  2 iguanas (D:4)
  Ijyb (D:5)
  3 orc wizards
  Natasha (thrice) (D:3)
  A hound zombie (D:5)
  A howler monkey skeleton (D:7)
  6 adders
  12 gnolls
  An ufetubus (D:5)
  A worm (D:4)
  2 dart slugs
  11 orcs
  3 bats
  7 endoplasms
  3 giant cockroaches
  4 goblins
  A hobgoblin (D:4)
  4 jackals
  3 quokkas
  8 ball pythons
  3 frilled lizards (D:2)
  21 kobolds
  4 rats
163 creatures vanquished.

Vanquished Creatures (collateral kills)
  A bullfrog (D:7)
  4 foxfires
5 creatures vanquished.

Vanquished Creatures (others)
  A dancing weapon (D:5)
  832 foxfires
  2 plants (D:8)
835 creatures vanquished.

Grand Total: 1003 creatures vanquished

Notes
Turn   | Place    | Note
-------+----------+-------------------------------------------
     0 | D:1      | 101zpm the Djinni Fire Elementalist began the quest for the
                  | Orb.
     0 | D:1      | Reached XP level 1. HP: 15/15 MP: 0/0
   111 | D:1      | Found a faded altar of an unknown god.
   120 | D:1      | Noticed a great orb of eyes
   122 | D:1      | Noticed a shining eye
   122 | D:1      | Noticed a shining eye
   122 | D:1      | Noticed an eye of devastation
   364 | D:1      | Reached XP level 2. HP: 19/21 MP: 0/0
  1461 | D:2      | Reached skill level 3 in Spellcasting
  1501 | D:2      | Found a snail-covered altar of Cheibriados.
  1556 | D:2      | Reached XP level 3. HP: 21/25 MP: 0/0
  1556 | D:2      | Learned a level 1 spell: Sandblast
  2198 | D:2      | Identified the +7 plate armour of Servitude {rF++ rC+
                  | Dex+4}
  2531 | D:2      | Reached XP level 4. HP: 28/31 MP: 0/0
  3416 | D:3      | Noticed Natasha
  3423 | D:3      | Killed Natasha
  3606 | D:3      | Noticed Natasha
  3610 | D:3      | Killed Natasha
  3611 | D:3      | Reached skill level 4 in Spellcasting
  3611 | D:3      | Reached XP level 5. HP: 31/35 MP: 0/0
  3611 | D:3      | Learned a level 2 spell: Wereblood
  3678 | D:3      | Noticed Natasha
  3682 | D:3      | Killed Natasha
  3767 | D:3      | Noticed a bullfrog
  3772 | D:3      | Killed a bullfrog
  3773 | D:3      | Reached XP level 6. HP: 35/40 MP: 0/0
  4625 | D:3      | Found a runed translucent door.
  4626 | D:3      | Noticed Crazy Yiuf
  4660 | D:3      | Killed Crazy Yiuf
  4664 | D:3      | Identified the +1 mace of Punishment {vorpal, rCorr Str-3
                  | Dex+7 Stlth+}
  5150 | D:4      | Found a burning altar of Makhleb.
  5156 | D:4      | Identified the +2 leather armour of the Merchant {*Slow
                  | rCorr Dex+9}
  5250 | D:4      | Found a transporter.
  5258 | D:4      | Reached skill level 5 in Spellcasting
  5260 | D:4      | Found a hide-covered altar of Uskayaw.
  5265 | D:4      | Found a white marble altar of Elyvilon.
  5315 | D:5      | Entered Level 5 of the Dungeon
  5343 | D:5      | Noticed an ice beast
  5344 | D:5      | Killed an ice beast
  5345 | D:5      | Reached XP level 7. HP: 40/45 MP: 0/0
  5345 | D:5      | Learned a level 3 spell: Tukima's Dance
  5479 | D:5      | Noticed Prince Ribbit
  5485 | D:5      | Reached skill level 6 in Spellcasting
  5488 | D:5      | Killed Prince Ribbit
  5489 | D:5      | Reached XP level 8. HP: 12/50 MP: 0/0
  5612 | D:5      | Noticed Blork the orc
  5616 | D:5      | Killed Blork the orc
  5617 | D:5      | Reached skill level 7 in Spellcasting
  5638 | D:5      | Reached skill level 1 in Armour
  5808 | D:5      | Noticed Ijyb
  5816 | D:5      | Killed Ijyb
  5817 | D:5      | Killed a +0 flail
  6146 | D:6      | Reached skill level 8 in Spellcasting
  6146 | D:6      | Reached XP level 9. HP: 53/55 MP: 0/0
  6146 | D:6      | Learned a level 4 spell: Airstrike
  6740 | D:6      | Noticed a cyclops
  6748 | D:6      | Killed a cyclops
  6749 | D:6      | Reached skill level 9 in Spellcasting
  6983 | D:6      | Reached XP level 10. HP: 58/61 MP: 0/0
  7246 | D:6      | Reached skill level 10 in Spellcasting
  7368 | D:6      | Found a shimmering altar of Xom.
  7639 | D:7      | Found a runed translucent door.
  7639 | D:7      | Noticed HatHat's ghost (novice MiBe)
  8133 | D:4      | Found a one-way gate to the infinite horrors of the Abyss.
  8133 | D:4      | Noticed Sobaton's ghost (amateur MiFi)
  8133 | D:4      | Noticed a toenail golem
  8160 | D:4      | Found a transporter.
  8275 | D:4      | Found a broken altar of Ashenzari.
  8279 | D:4      | Found a stormy altar of Qazlal.
  8368 | D:4      | Found Ujemyatz's One-of-a-Kind Rings.
  8501 | D:4      | Found an ornate altar of the Wu Jian Council.
  8743 | D:4      | Identified the +11 whip "Tymutieq" {flame, rPois rC+}
  8767 | D:4      | Found a staircase to the Ecumenical Temple.
  8772 | Temple   | Entered the Ecumenical Temple
  9003 | Temple   | Became a worshipper of Hepliaklqana the Forgotten
  9218 | D:8      | Found a runed translucent gate.
  9218 | D:8      | Found a runed translucent gate.
  9218 | D:8      | Found a runed translucent gate.
  9219 | D:8      | Noticed Zippel's ghost (novice FoVM)
  9235 | D:8      | Found Yvaz's Armour Shop.
  9430 | D:8      | Identified the +2 leather armour "Otsu" {Str+2 Int+3 Dex+3}
  9506 | D:8      | Noticed a tengu warrior
  9511 | D:8      | Killed a tengu warrior
  9512 | D:8      | Reached skill level 11 in Spellcasting
  9803 | D:8      | Reached * piety under Hepliaklqana
 10100 | D:7      | Demolished by HatHat's ghost

Illustrated notes

Levels and vault maps discovered:
D:1:      tarquinn_simple_flora_water_b, layout_loops_ring,
          hellmonk_ecumenical_altar_watching_god, kennysheep_another_room,
          minmay_misc_feat_more_columns
D:2:      layout_basic, basic_altar, minmay_goblin_kobold_house
D:3:      layout_basic, grunt_ministairs_4, uniq_natasha,
          uniq_crazy_yiuf_cottage
D:4:      layout_basic, lemuel_tele_altar, lemuel_crystal_altar,
          mainiacjoe_overflow_big_doors,
          chequers_temple_overflow_statue_of_worship, temple_doors_ab,
          gammafunk_ghost_abyssal_escape, nicolae_shop_unique_rings
D:5:      layout_basic, kennysheep_diamond, uniq_blork_the_orc, uniq_ijyb,
          uniq_prince_ribbit1
D:6:      layout_loops_ring, tgw_xom, grunt_ministairs_13,
          hangedman_decor_lopped, kb_rosetta
D:7:      layout_rooms, ebering_ghost_reflecting_pool
D:8:      layout_loops_corners, serial_shops, nicolae_shop_stone,
          biasface_ghost_orc_armoury, serial_bayou_pond_b
Temple:   nicolae_temple_figure_eight

Skill      XL: |  1  2  3  4  5  6  7  8  9 10 |
---------------+-------------------------------+-----
Spellcasting   | 3 4 5 6 8 9 11 | 11.5
Stealth        | 2 3 |  3.1
Dodging        | 3 |  3.1
Armour         | 1 2 |  2.8
Fighting       | |  0.4

Action                   |  1- 3 |  4- 6 |  7- 9 | 10-12 || total
-------------------------+-------+-------+-------+-------++-------
 Cast: Foxfire           |    98 |   135 |   144 |   143 ||   520
       Scorch            |    12 |     9 |    25 |    12 ||    58
       Inner Flame       |       |     5 |    37 |    36 ||    78
       Wereblood         |       |     1 |     2 |     1 ||     4
       Tukima's Dance    |       |       |     5 |       ||     5
       Conjure Flame     |       |       |     1 |     1 ||     2
       Airstrike         |       |       |     5 |    16 ||    21
       Flame Wave        |       |       |     2 |     4 ||     6
  Use: Scroll            |       |       |     5 |     4 ||     9
Armor: Robe              |     2 |     2 |       |       ||     4
       Leather armour    |       |       |     6 |     6 ||    12
Dodge: Dodged            |     5 |     4 |    10 |     8 ||    27
